 Dungeon Crawl Stone Soup version 0.29-a0-67-g1d65ae1bb4 (webtiles) character file.

Game seed: 6039524598647887304

39 Bosse the Covered (level 3, -4/23 HPs)
             Began as a Gargoyle Fighter on Feb 3, 2022.
             Slain by Terence (8 damage)
             ... on level 2 of the Dungeon.
             The game lasted 00:01:41 (1117 turns).

Bosse the Covered (Gargoyle Fighter)                Turns: 1117, Time: 00:01:42

Health: -4/23      AC: 14    Str: 21    XL:     3   Next: 45%
Magic:  3/3        EV:  9    Int:  8    God:
Gold:   15         SH:  4    Dex:  9    Spells: 2/2 levels left

rFire   . . .      SeeInvis .   a - +0 flail
rCold   . . .      Faith    .   c - +0 buckler
rNeg    + . .      Spirit   .   b - +0 scale mail
rPois   ∞          Reflect  .   (no helmet)
rElec   +          Harm     .   (no cloak)
rCorr   .          Rampage  .   (no gloves)
Will    +....                   (no boots)
Stlth   ..........              (no amulet)
HPRegen 0.07/turn               e - +4 ring of protection
MPRegen 0.08/turn               h - ring of willpower

@: no status effects
A: sickness immunity, AC +3, negative energy resistance 1, electricity
resistance, torment resistance 1, petrification resistance
a: no special abilities


You were on level 2 of the Dungeon.
You visited 1 branch of the dungeon, and saw 2 of its levels.

You collected 15 gold pieces.

Inventory:

Hand Weapons
 a - a +0 flail (weapon)
Armour
 b - a +0 scale mail (worn)
 c - a +0 buckler (worn)
Jewellery
 e - a +4 ring of protection (left hand)
 h - a ring of willpower (right hand)
Scrolls
 f - a scroll of noise {unknown}
 g - 4 scrolls of identify {unknown}
Potions
 d - a potion of might
 i - a potion of degeneration {unknown}
 j - a potion of flight {unknown}


   Skills:
 + Level 3.6 Fighting
 + Level 2.4 Maces & Flails
 + Level 3.9 Armour
 + Level 3.7 Shields


You had 2 spell levels left.
You didn't know any spells.
Your spell library contained the following spells:

 Spells                   Type           Power      Damage    Failure   Level
 Call Canine Familiar     Summ           0%         N/A       99%         3
 Portal Projectile        Hex/Tloc       0%         N/A       99%         3
 Leda's Liquefaction      Hex/Erth       0%         N/A       100%        4


Dungeon Overview and Level Annotations

Branches:
Dungeon (2/15)

Altars:

Annotations:
D:2 Terence


Innate Abilities, Weirdness & Mutations

You are immune to sickness and miasma.
Your stone body is resilient. (AC +3)
You are immune to poison.
You resist negative energy. (rN+)
You are resistant to electric shocks. (rElec)
You are resistant to unholy torment.
You are immune to petrification.


Message History

There is an open door here.
You barely miss Terence.
Terence hits you with a +4 flail of protection.
You hit Terence but do no damage. Terence barely misses you.
You hit Terence.
Terence is lightly wounded.
You block Terence's attack. Terence barely misses you.
You hit Terence.
Terence is lightly wounded.
Terence hits you with a +4 flail of protection.
You barely miss Terence.
Terence is lightly wounded.
Terence hits you with a +4 flail of protection.
You barely miss Terence.
Terence is lightly wounded.
Terence barely misses you.
You barely miss Terence.
Terence is lightly wounded.
Terence hits you with a +4 flail of protection.
Terence closely misses you.
You are too injured to fight recklessly!
You are too injured to fight recklessly!
You are too injured to fight recklessly!
You hit Terence but do no damage.
Terence is lightly wounded.
Terence barely misses you.
You hit Terence but do no damage.
Terence is lightly wounded.
Terence hits you with a +4 flail of protection.
You hit Terence.
Terence is moderately wounded.
You block Terence's attack. Terence misses you.
You closely miss Terence.
Terence is moderately wounded.
Terence hits you with a +4 flail of protection.
* * * LOW HITPOINT WARNING * * *
You closely miss Terence.
Terence is moderately wounded.
Terence hits you with a +4 flail of protection!
You die...

#.#...####.#.#
#.#......#.#.#
#.#...<#.#.#.#
#.#....#.#.#.#
#.#....+.#.#.#
#.#....###.#.#
#.#....#
#.'....+
###@...#
#@...# #....#
#....# #....#
#....# ######


You could see Terence.

Vanquished Creatures
  2 adders (D:2)
  2 endoplasms (D:1)
  A giant cockroach (D:1)
  A goblin (D:1)
  2 hobgoblins (D:1)
  2 quokkas (D:1)
  2 bats (D:1)
  3 frilled lizards (D:1)
  5 kobolds (D:1)
  A rat (D:1)
21 creatures vanquished.

Notes
Turn   | Place    | Note
-------+----------+-------------------------------------------
     0 | D:1      | Bosse the Gargoyle Fighter began the quest for the Orb.
     0 | D:1      | Reached XP level 1. HP: 14/14 MP: 1/1
   433 | D:1      | Reached XP level 2. HP: 19/19 MP: 2/2
  1084 | D:2      | Reached XP level 3. HP: 23/23 MP: 3/3
  1103 | D:2      | Noticed Terence
  1117 | D:2      | Slain by Terence

Illustrated notes

Levels and vault maps discovered:
D:1:      dpeg_arrival_solitude, layout_basic, st_stairs_13
D:2:      layout_basic, basic_altar, hellmonk_ecumenical_altar_blasted,
          uniq_terence, uniq_robin

Action                   || total
-------------------------++-------
Melee: Flail             ||    81
Armor: Scale mail        ||    40
Dodge: Dodged            ||    31
Block: Buckler           ||    14

Table legend: (Time is in decaauts)
 A = Elapsed time spent in this place.
 B = Non-inter-level travel time spent in this place.
 C = Inter-level travel time spent in this place.
 D = Time resting spent in this place.
 E = Time spent auto-exploring this place.
 F = Levels seen in this place.
 G = Mean time per level.
                   A        B        C        D        E       F      G
               +--------+--------+--------+--------+--------+-----+--------+
         Total |   1142 |   1132 |     10 |      0 |    950 |   2 |  571.0 |
       Dungeon |   1142 |   1132 |     10 |      0 |    950 |   2 |  571.0 |
               +--------+--------+--------+--------+--------+-----+--------+

Top non-repeatable levels by time:
     D:1: 1030 daAuts
     D:2: 111 daAuts
